 Dungeon Crawl Stone Soup version 0.27.1-3-gb3d3a73c9e (webtiles) character file.

Game seed: 16439738871948072466

219 gorillafan208 the Chopper (level 5, -5/48 HPs)
             Began as a Hill Orc Fighter on Oct 20, 2021.
             Slain by an orc warrior (12 damage)
             ... on level 4 of the Dungeon.
             The game lasted 00:07:00 (3353 turns).

gorillafan208 the Chopper (Hill Orc Fighter)        Turns: 3353, Time: 00:07:01

Health: -5/48      AC:  9    Str: 20    XL:     5   Next: 96%
Magic:  5/5        EV:  8    Int:  8    God:
Gold:   99         SH: 10    Dex: 16    Spells: 4/4 levels left

rFire    . . .     SeeInvis .   a - +1 war axe
rCold    . . .     Faith    .   c - +0 kite shield
rNeg     . . .     Spirit   .   f - +2 ring mail {rPois}
rPois    +         Reflect  .   j - +0 helmet
rElec    .         Harm     .   (no cloak)
rCorr    .         Rampage  .   (no gloves)
Will     .....                  (no boots)
Stlth    +.........             (no amulet)
HPRegen  0.16/turn              k - +6 ring of dexterity
MPRegen  0.09/turn              (no ring)

@: no status effects
A: no striking features
a: no special abilities


You were on level 4 of the Dungeon.
You visited 1 branch of the dungeon, and saw 4 of its levels.

You collected 99 gold pieces.

Inventory:

Hand Weapons
 a - a +1 war axe (weapon)
 m - a +1 short sword of flaming
Armour
 b - a +0 scale mail
 c - a +0 kite shield (worn)
 f - a +2 ring mail of poison resistance (worn)
 j - a +0 helmet (worn)
Jewellery
 k - a +6 ring of dexterity (left hand)
Wands
 d - a wand of polymorph (14)
Scrolls
 e - 3 scrolls of identify
 i - a scroll of amnesia
Potions
 g - 4 potions of haste
 l - a potion of magic
 n - a potion of curing {unknown}


   Skills:
 * Level 5.1 Fighting
 * Level 5.2 Axes
 + Level 4.2 Armour
 - Level 0.1 Dodging
 + Level 4.0 Shields


You had 4 spell levels left.
You didn't know any spells.
Your spell library was empty.

Dungeon Overview and Level Annotations

Branches:
Dungeon (4/15)
 Temple: D:4-7

Altars:


Message History

* * * LOW HITPOINT WARNING * * *
The orc wizard hits you but does no damage.
The orc warrior hits you with a +0 broad axe.
* * * LOW HITPOINT WARNING * * *
The orc warrior completely misses you.
Your bullfrog skeleton hits something.
Your ball python barely misses the orc.
Your ball python closely misses the orc.
Your bullfrog skeleton barely misses something.
The orc wizard casts a spell.
The orc wizard flickers and vanishes!
Your ball python bites something.
The orc warrior hits your endoplasm with a +0 broad axe!
Your endoplasm dies!
Your bullfrog skeleton barely misses the orc.
Your ball python closely misses something.
Something hits you but does no damage.
The orc barely misses your bullfrog skeleton.
Your bullfrog skeleton barely misses something.
Your ball python barely misses something.
A magic dart appears from out of thin air!
The magic dart hits you.
* * * LOW HITPOINT WARNING * * *
The orc hits your bullfrog skeleton with a +0 short sword.
Your bullfrog skeleton hits the orc warrior but does no damage.
A magic dart appears from out of thin air!
The magic dart hits your bullfrog skeleton!
The orc hits your bullfrog skeleton with a +0 short sword.
Your bullfrog skeleton hits the orc warrior but does no damage.
Your bullfrog skeleton closely misses the orc warrior.
Something hits your bullfrog skeleton.
The orc hits your bullfrog skeleton with a +0 short sword.
Your ball python closely misses something.
You hit the orc warrior but do no damage.
The orc warrior is severely wounded.
Your bullfrog skeleton hits the orc warrior but does no damage.
Something hits your bullfrog skeleton. x2
The orc barely misses your bullfrog skeleton.
Your ball python bites something but does no damage.
Your bullfrog skeleton misses the orc warrior.
The orc warrior hits you with a +0 broad axe!
You die...

#... #...).......# #...
#...........# #...
#...........#
#..##+###...........#
#..##...#...........#
#.......#...........#
+.......'...........#
#$......#...........#
#.{Zo@..#...........#
#So##...#...........#
#..##...#...........#
..S......#...........#
...........#...........#
#...........#...........#
.............#...........#
...<.........#...........#
##..##.......#...........#


You could see an orc warrior (ally target), an orc, a friendly ball python
(summoned) and a friendly bullfrog skeleton (summoned).

Vanquished Creatures
  Ijyb (D:3)
  Natasha (D:4)
  An orc wizard (D:4)
  5 adders (D:3)
  An adder skeleton (D:3)
  3 worms (D:2)
  3 dart slugs
  5 orcs
  6 ball pythons
  8 bats
  4 endoplasms
  A giant cockroach (D:3)
  11 goblins
  4 hobgoblins
  3 jackals (D:1)
  3 quokkas
  4 frilled lizards
  5 kobolds
  7 rats
76 creatures vanquished.

Notes
Turn   | Place    | Note
-------+----------+-------------------------------------------
     0 | D:1      | gorillafan208 the Hill Orc Fighter began the quest for the
                  | Orb.
     0 | D:1      | Reached XP level 1. HP: 19/19 MP: 1/1
    83 | D:1      | Reached XP level 2. HP: 19/27 MP: 2/2
   394 | D:1      | Reached XP level 3. HP: 33/33 MP: 3/3
  1167 | D:2      | Found a faded altar of an unknown god.
  1464 | D:3      | Reached XP level 4. HP: 40/40 MP: 4/4
  1508 | D:3      | Noticed Ijyb
  1533 | D:3      | Killed Ijyb
  1533 | D:3      | HP: 2/40 [poisoned by Ijyb]
  2182 | D:3      | Reached XP level 5. HP: 33/47 MP: 5/5
  2816 | D:4      | Reached skill level 5 in Axes
  3114 | D:4      | Noticed Natasha
  3123 | D:4      | Killed Natasha
  3124 | D:4      | Reached skill level 5 in Fighting
  3337 | D:4      | Noticed an orc warrior
  3353 | D:4      | Slain by an orc warrior

Illustrated notes

Levels and vault maps discovered:
D:1:      dpeg_arrival_fog, layout_rooms
D:2:      layout_basic, ebering_ecumenical_altar_rust, minmay_pentomino_r2
D:3:      kennysheep_the_goblin_king, layout_basic
D:4:      layout_gridville, minmay_misc_feat_pillars, uniq_sigmund, uniq_natasha

Skill      XL: |  1  2  3  4  5 |
---------------+----------------+-----
Axes           | 3 4 5 |  5.2
Fighting       | 4 5 |  5.1
Armour         | 4 |  4.2
Shields        | 4 |  4.0
Dodging        | |  0.1

Action                   |  1- 3 |  4- 6 || total
-------------------------+-------+-------++-------
Melee: War axe           |   107 |    99 ||   206
  Use: Scroll            |     4 |     2 ||     6
       Potion            |       |     3 ||     3
Armor: Scale mail        |    14 |       ||    14
       Ring mail         |    54 |    56 ||   110
Dodge: Dodged            |    33 |    47 ||    80
Block: Kite shield       |    63 |    57 ||   120
